 Dungeon Crawl Stone Soup version 0.19.0-19-g8c6edcc (webtiles) character file.

100 Leybi the Sneak (level 4, -1/23 HPs)
             Began as a Vine Stalker Assassin on Nov 13, 2016.
             Slain by Duvessa
             ... wielding a +3 short sword of draining
              (2 damage)
             ... on level 4 of the Dungeon.
             The game lasted 00:04:17 (1923 turns).

Leybi the Sneak (Vine Stalker Assassin)             Turns: 1923, Time: 00:04:18

Health: -1/23      AC:  4    Str: 14    XL:     4   Next: 74%
Magic:  0/5        EV: 12    Int: 11    God:
Gold:   162        SH:  0    Dex: 16    Spells: 0 memorised, 3 levels left

rFire  . . .     SeeInvis .     a - +2 dagger
rCold  + . .     Gourm    .     r - +1 robe {rC+}
rNeg   . . .     Faith    .     (no shield)
rPois  .         Spirit   +     (no helmet)
rElec  .         Reflect  .     d - +0 cloak
rCorr  .         Harm     .     (no gloves)
MR     .....                    (no boots)
Stlth  ++........               (no amulet)
                                (no ring)
                                (no ring)

@: heavily drained
A: fangs 2, regeneration 1, magic shield, antimagic bite, no device heal 3, rot
immunity
a: no special abilities


You were on level 4 of the Dungeon.
You were not hungry.

You visited 1 branch of the dungeon, and saw 4 of its levels.

You collected 162 gold pieces.

Inventory:

Hand Weapons
 a - a +2 dagger (weapon)
 b - a +0 blowgun
Missiles
 e - 8 poisoned needles
 f - 2 curare-tipped needles
Armour
 c - a +0 robe
 d - a +0 cloak (worn)
 r - a +1 robe of cold resistance (worn)
Scrolls
 i - 6 scrolls of remove curse {unknown}
 j - 5 scrolls of identify {unknown}
 t - a scroll of teleportation {unknown}
Potions
 h - a potion of curing {unknown}
 l - a potion of brilliance {unknown}
 m - a potion of degeneration {unknown}
 n - a potion of agility {unknown}
 o - a potion of flight {unknown}
 q - 2 potions of heal wounds {unknown}
Comestibles
 g - 7 bread rations
 k - 2 beef jerkies
 p - a royal jelly
 s - a meat ration
 u - a chunk of flesh


   Skills:
 - Level 1.7(0.4) Fighting
 + Level 3.3(1.9) Short Blades
 - Level 1.7(0.4) Throwing
 + Level 2.4(1.1) Dodging
 - Level 4.8(3.3) Stealth


You had 3 spell levels left.
You didn't know any spells.

Dungeon Overview and Level Annotations

Branches:
Dungeon (4/15)
 Temple: D:4-7

Altars:
Hepliaklqana
The Shining One

Annotations:
D:4 Dowan, Duvessa


Innate Abilities, Weirdness & Mutations

You have extremely sharp teeth.
Your natural rate of healing is unusually fast.
When hurt, damage is shared between your health and your magic reserves.
Your bite disrupts and absorbs the magic of your enemies.
Potions and wands cannot restore your health.
You are immune to rotting.


Message History

Duvessa hits you with a short sword of draining.
You feel drained.
Dowan mumbles some strange words.
Dowan blinks!
Duvessa hits you with a short sword of draining!
You feel drained.
A hobgoblin comes into view.
The hobgoblin shouts!
Duvessa hits you with a short sword of draining.
You feel drained. The hobgoblin hits you.
You barely miss the hobgoblin. Duvessa closely misses you.
You closely miss the hobgoblin. Your bite misses the hobgoblin.
Duvessa hits you but does no damage.
You feel drained. The hobgoblin barely misses you. Duvessa barely misses you.
You barely miss the hobgoblin. Your bite misses the hobgoblin.
The hobgoblin barely misses you.
Duvessa hits you with a short sword of draining!
* * * LOW HITPOINT WARNING * * *
You feel drained.
You die...

#.# #.#..# #.#
#>##.# #.# #.##.#
#e# #.##.# #.#
#.##.#
#######.#######
#.##.#
#............)#
#.##.# ###
#.###.#######e#
#.##.#######.. #.#
#.# #@#
#............# #.#
#.#
#g###.............
#.# #.#
###.##..(....####...
#.# #.#
#...................
#.# #.#
#.###........######.
###.# #.# #.#
#.......## #. #...#
#.# #<###.##...## #.
#.### #.#
#.....###### ## #.#
#.# #######


You could see Duvessa and a hobgoblin.

Vanquished Creatures
  A bullfrog skeleton (D:4)
  Jessica (D:2)
  2 oozes
  2 dart slugs (D:1)
  A leopard gecko (D:1)
  A ball python (D:2)
  5 bats
  A giant cockroach (D:1)
  2 hobgoblins (D:1)
  A quokka (D:2)
  4 frilled lizards
  2 goblins
  8 kobolds
  5 rats
36 creatures vanquished.

Notes
Turn   | Place    | Note
-------+----------+-------------------------------------------
     0 | D:1      | Leybi the Vine Stalker Assassin began the quest for the Orb.
     0 | D:1      | Reached XP level 1. HP: 11/11 MP: 2/2
    53 | D:1      | Reached skill level 1 in Dodging
    64 | D:1      | Reached XP level 2. HP: 14/15 MP: 3/3
   612 | D:1      | Reached XP level 3. HP: 18/18 MP: 4/4
  1280 | D:2      | Noticed Jessica
  1298 | D:2      | Killed Jessica
  1298 | D:2      | Gained mutation: Your natural rate of healing is unusually fast. [Vine Stalker growth]
  1298 | D:2      | Reached XP level 4. HP: 21/23 MP: 5/5
  1531 | D:2      | Found a hazy altar of Hepliaklqana.
  1531 | D:2      | Found a faded altar of an unknown god.
  1540 | D:2      | Found a faded altar of an unknown god.
  1542 | D:2      | Found a faded altar of an unknown god.
  1543 | D:2      | Found a faded altar of an unknown god.
  1594 | D:3      | Found a glowing golden altar of the Shining One.
  1743 | D:4      | Noticed a phantom
  1896 | D:4      | Noticed Duvessa
  1896 | D:4      | Noticed Dowan
  1923 | D:4      | HP: 1/23 [Duvessa/short sword of draining (7)]
  1923 | D:4      | Slain by Duvessa

Skill      XL: |  1  2  3 |
---------------+----------+-----
Short Blades   | 2 3 |  3.3
Dodging        | 1 2 |  2.4
Fighting       | |  1.7
Throwing       | |  1.7
Stealth        | |  4.8

Action                   |  1- 3 |  4- 6 || total
-------------------------+-------+-------++-------
Melee: Dagger            |    74 |    27 ||   101
       Bite              |    17 |     3 ||    20
 Stab: Sleeping          |     7 |     8 ||    15
  Eat: Chunk             |     1 |     2 ||     3
Armor: Robe              |     3 |     2 ||     5
Dodge: Dodged            |    32 |    15 ||    47
